 Dungeon Sprint DCSS version 0.14-a0-3509-g488b3d4 (webtiles) character file.

318 BluebellGnoll the Unseen (level 6, 23/23 (28) HPs)
             Began as a Spriggan Enchanter on Mar 26, 2014.
             Quit the game in the Dungeon (Sprint II: "The Violet Keep of Menkaure").
             The game lasted 00:01:36 (49 turns).

BluebellGnoll the Unseen (Spriggan Enchanter)         Turns: 49, Time: 00:01:36

HP  23/23 (28)   AC  3     Str  4      XL: 6   Next: 21%
MP  11/21        EV 21     Int 19      God:
Gold 0           SH  0     Dex 16      Spells:  1 memorised, 14 levels left

rFire  . . .     SeeInvis +     a - +1 dagger
rCold  . . .     Clarity  .     b - +1 robe
rNeg   . . .     Conserve .     (shield restricted)
rPois  .         rCorr    .     (helmet restricted)
rElec  .         rRot     .     (no cloak)
SustAb . .       Spirit   .     (gloves unavailable)
rMut   .         Warding  .     (boots unavailable)
Saprov . . .     NoTele   +     (no amulet)
MR     +....                    (no ring)
                                (no ring)

@: non-regenerating, exhausted, diseased, very slightly contaminated, rotting,
slowed, quick, somewhat resistant to hostile enchantments, extraordinarily
stealthy
A: unfitting armour, see invisible, herbivore 3, speed 3, slow metabolism 2
a: no special abilities


You were in the Dungeon.
You were not hungry.

You visited 1 branch

Inventory:

Hand weapons
 a - a +1,+1 dagger (weapon)
Missiles
 d - 12 darts (quivered)
Armour
 b - a +1 robe (worn)
Scrolls
 k - a scroll of blinking
Potions
 e - a potion of porridge
 f - a potion of curing
 i - 2 potions of magic
Books
 c - a book of Maledictions

   Spells                             Type                      Level
   *Corona                            Hexes                        1
   Sure Blade                         Hexes/Charms                 2
   Ensorcelled Hibernation            Hexes/Ice                    2
   Confuse                            Hexes                        3
   Enslavement                        Hexes                        4
   Invisibility                       Hexes                        6


   Skills:
 - Level 1.7 Short Blades
 - Level 1.1 Throwing
 - Level 6.0 Dodging
 + Level 15.2 Stealth
 - Level 5.3 Spellcasting
 - Level 7.9 Hexes


You had 14 spell levels left.
You knew the following spells:

 Your Spells              Type           Power        Failure   Level  Hunger
a - Corona                Hex            #####..      1%          1    None


Dungeon Overview and Level Annotations

Branches:
Dungeon (1/1)

Altars:


Innate Abilities, Weirdness & Mutations

You are tiny and cannot use many weapons and most armour.
You have supernaturally acute eyesight.
You are a herbivore.
You cover ground extremely quickly.
You need consume almost no food.


Message History

You destroy the necrophage!
Your Stealth skill gained 3 levels and is now at level 15!
You have reached level 6!
Your experience leads to an increase in your attributes!
Increase (S)trength, (I)ntelligence, or (D)exterity?
You feel clever.
You feel your flesh rotting away.
You feel your flesh rotting away.
The necrophage eats the necrophage corpse.
You feel your flesh rotting away. The necrophage completely misses you.
The necrophage misses you.
There is an open door here.
You feel your flesh rotting away.
You see here 243 gold pieces.
You close the door.
A necrophage opens the door.
Memorise Confuse, consuming 3 spell levels and leaving 11?
The necrophage hits you but does no damage.
Your memorisation is interrupted.
Are you sure you want to abandon this character and quit the game? (Confirm with "yes".)

###
##.###+#
#@n.##.##
+##$'.<.+
#...##.##
##.###+#
##


You could see a necrophage.

Vanquished Creatures
  3 necrophages (D)
3 creatures vanquished.

Notes
Turn   | Place    | Note
--------------------------------------------------------------
     0 | D        | BluebellGnoll, the Spriggan Enchanter, began the quest for the Orb.
     0 | D        | Reached XP level 1. HP: 9/9 MP: 4/4
     1 | D        | Noticed a necrophage
     1 | D        | Noticed a necrophage
     1 | D        | Noticed a necrophage
     1 | D        | Noticed a necrophage
     7 | D        | Killed a necrophage
     7 | D        | Reached skill level 6 in Dodging
     7 | D        | Reached skill level 5 in Stealth
     7 | D        | Reached skill level 5 in Spellcasting
     7 | D        | Reached skill level 7 in Hexes
     7 | D        | Reached XP level 2. HP: 13/13 MP: 4/11
     7 | D        | Reached XP level 3. HP: 16/16 MP: 5/14
     7 | D        | Reached XP level 4. HP: 21/21 MP: 6/17
    12 | D        | Killed a necrophage
    12 | D        | Reached skill level 12 in Stealth
    12 | D        | Reached XP level 5. HP: 24/24 MP: 6/19
    38 | D        | Killed a necrophage
    38 | D        | Reached skill level 15 in Stealth
    38 | D        | Reached XP level 6. HP: 24/27 MP: 9/21
    49 | D        | Quit the game

Action                   |  1- 3 |  4- 6 || total
-------------------------+-------+-------++-------
Melee: Dagger            |     4 |    30 ||    34
  Use: Potion            |     2 |     1 ||     3
